 Dungeon Crawl Stone Soup version 0.27.0-1-g7a089689b8 (webtiles) character file.

Game seed: 14170245090075627279

750 HoaS the Cruncher (level 7, -3/53 HPs)
             Began as a Demigod Gladiator on Aug 7, 2021.
             Slain by a gnoll (12 damage)
             ... on level 4 of the Dungeon on Aug 8, 2021.
             The game lasted 00:12:35 (5581 turns).

HoaS the Cruncher (Demigod Gladiator)               Turns: 5581, Time: 00:12:36

Health: -3/53      AC: 12    Str: 19    XL:     7   Next: 24%
Magic:  9/9        EV:  8    Int: 10    God:
Gold:   200        SH:  0    Dex: 25    Spells: 6/6 levels left

rFire    . . .     SeeInvis .   a - +0 quarterstaff
rCold    . . .     Faith    .   (shield currently unavailable)
rNeg     . . .     Spirit   .   j - +0 chain mail
rPois    .         Reflect  .   c - +0 helmet
rElec    .         Harm     .   (no cloak)
rCorr    .         Rampage  .   (no gloves)
Will     .....                  f - +2 pair of boots
Stlth    ..........             (no amulet)
HPRegen  0.17/turn              e - +6 ring of dexterity
MPRegen  0.11/turn              (no ring)

@: no status effects
A: high mp 1, forlorn
a: no special abilities


You were on level 4 of the Dungeon.
You visited 1 branch of the dungeon, and saw 5 of its levels.

You collected 200 gold pieces.

Inventory:

Hand Weapons
 a - a +0 quarterstaff (weapon)
Missiles
 h - 34 bolts
 o - 3 throwing nets (quivered)
Armour
 c - a +0 helmet (worn)
 f - a +2 pair of boots (worn)
 j - a +0 chain mail (worn)
Jewellery
 e - a +6 ring of dexterity (left hand)
Wands
 d - a wand of flame (28)
 p - a wand of polymorph (8)
Scrolls
 g - 2 scrolls of teleportation
Potions
 b - 2 potions of haste
 i - a potion of lignification
 k - 2 potions of resistance
 l - 2 potions of curing
 n - a potion of attraction
 q - a potion of heal wounds


   Skills:
 - Level 1.7 Fighting
 + Level 8.2 Staves
 - Level 1.7 Throwing
 - Level 2.6 Dodging


You had 6 spell levels left.
You didn't know any spells.
Your spell library contained the following spells:

 Spells                   Type           Power      Damage    Failure   Level
 Call Canine Familiar     Summ           0%         N/A       100%        3
 Ozocubu's Armour         Ice            0%         N/A       100%        3
 Portal Projectile        Hex/Tloc       0%         N/A       100%        3
 Leda's Liquefaction      Hex/Erth       0%         N/A       100%        4
 Metabolic Englaciation   Hex/Ice        0%         N/A       100%        5
 Simulacrum               Ice/Necr       0%         N/A       100%        6


Dungeon Overview and Level Annotations

Branches:
Dungeon (5/15)
 Temple: D:4-7

Shops:
D:3 !   D:4 (


Innate Abilities, Weirdness & Mutations

Your attributes grow dramatically as you level up.
You have an increased reservoir of magic. (+10% MP)
You shall have no god before yourself.


Message History

You climb upwards.
There is a stone staircase leading down, spattered with blood here.
You hit the gnoll shaman.
The gnoll shaman is moderately wounded.
The gnoll shaman hits you but does no damage.
You thump the gnoll shaman!
The gnoll shaman is almost dead.
You thump the gnoll shaman!
You kill the gnoll shaman!
You climb downwards.
You hear the sound of rushing water.
There is an entrance to a sewer on this level.
Hurry and find it before the portal rusts away!
The gnoll hits you with a +6 vorpal flail!
The gnoll barely misses you.
There is a stone staircase leading up, spattered with blood here.
The gnoll hits you from afar with a +0 halberd.
The gnoll hits you with a +6 vorpal flail!
The gnoll closely misses you.
You climb upwards.
There is a stone staircase leading down, spattered with blood here.
You hit the gnoll.
The gnoll is lightly wounded.
The gnoll hits you but does no damage.
You barely miss the gnoll.
The gnoll is lightly wounded.
The gnoll hits you with a +6 vorpal flail!
Your chain mail prevents you from hitting the gnoll.
The gnoll is lightly wounded.
The gnoll barely misses you.
You closely miss the gnoll.
The gnoll is lightly wounded.
The gnoll misses you.
You completely miss the gnoll.
The gnoll is lightly wounded.
The gnoll hits you with a +6 vorpal flail!
* * * LOW HITPOINT WARNING * * *
x2 You closely miss the gnoll.
The gnoll is lightly wounded.
The gnoll hits you with a +6 vorpal flail!
You die...

# #).## ##.## #...####.# #
##..###...# ##...# ### ###
##........#####....#
..###..................#
.......#####...........#
.<....## #...........##
.....## ##............# ###
.....## #.............###.#
......## ##.....@....>.....##
####...###)....[g......####.#
# ##...#.............## ### #
##......####......# #
##..#...####.(...##
#..###...###......## ##..#
##...##.......### # #..##
##......#####..#### ## #..#
##....## ###...#


You could see a gnoll.

Vanquished Creatures
  A sky beast (D:5)
  A scorpion (D:4)
  A bullfrog skeleton (D:4)
  A jelly (D:4)
  2 hounds
  Ijyb (D:4)
  2 gnoll shamans (D:4)
  2 iguanas (D:4)
  6 adders
  18 gnolls
  An ufetubus (D:4)
  An adder zombie (D:5)
  An adder skeleton (D:4)
  A worm (D:4)
  3 dart slugs
  An orc (D:4)
  4 bats
  4 endoplasms
  4 giant cockroaches
  11 goblins
  13 hobgoblins
  5 jackals
  2 quokkas
  9 ball pythons
  A frilled lizard (D:2)
  11 kobolds
  9 rats
116 creatures vanquished.

Notes
Turn   | Place    | Note
-------+----------+-------------------------------------------
     0 | D:1      | HoaS the Demigod Gladiator began the quest for the Orb.
     0 | D:1      | Reached XP level 1. HP: 17/17 MP: 3/3
    84 | D:1      | Reached skill level 3 in Staves
   292 | D:1      | Reached XP level 2. HP: 24/24 MP: 4/4
  1164 | D:2      | Reached XP level 3. HP: 22/29 MP: 5/5
  1237 | D:2      | Reached skill level 4 in Staves
  1444 | D:1      | Reached XP level 4. HP: 17/36 MP: 6/6
  1904 | D:2      | Reached skill level 5 in Staves
  2498 | D:3      | Found Iffok's Distillery.
  2646 | D:4      | Reached XP level 5. HP: 31/41 MP: 7/7
  2954 | D:3      | Reached skill level 6 in Staves
  3200 | D:4      | Noticed Ijyb
  3207 | D:4      | Killed Ijyb
  3208 | D:4      | Reached XP level 6. HP: 23/48 MP: 8/8
  3406 | D:4      | Found Rujuulieva's Antique Weapon Boutique.
  3904 | D:4      | Reached skill level 7 in Staves
  5140 | D:5      | Entered Level 5 of the Dungeon
  5206 | D:5      | Reached XP level 7. HP: 22/53 MP: 9/9
  5333 | D:4      | Reached skill level 8 in Staves
  5581 | D:4      | Slain by a gnoll

Illustrated notes

Levels and vault maps discovered:
D:1:      minmay_arrival_four_loops, layout_basic,
          shapermc_ecumenical_altar_totnotflames, minmay_tetromino_s2
D:2:      layout_rooms
D:3:      layout_basic, serial_shops, nicolae_shop_statue_plus
D:4:      layout_layer_cave, serial_shops, nicolae_shop_stone,
          minmay_stone_trees_medium, corexii_hall_statues_x,
          palyth_stone_intersect, uniq_ijyb, uniq_robin
D:5:      layout_rooms, cheibrodos_sewer_entry_bend, uniq_edmund

Skill      XL: |  1  2  3  4  5  6  7 |
---------------+----------------------+-----
Staves         | 3 4 5 6 7 8 |  8.2
Fighting       | |  1.7
Throwing       | |  1.7
Dodging        | |  2.6

Action                   |  1- 3 |  4- 6 |  7- 9 || total
-------------------------+-------+-------+-------++-------
Melee: Quarterstaff      |   101 |   250 |    21 ||   372
Throw: Throwing net      |       |     3 |       ||     3
  Use: Scroll            |     3 |     8 |       ||    11
       Potion            |       |     1 |       ||     1
Armor: Ring mail         |    27 |       |       ||    27
       Leather armour    |     3 |       |       ||     3
       Scale mail        |    22 |    18 |       ||    40
       Chain mail        |       |    83 |    10 ||    93
Dodge: Dodged            |    68 |   100 |    10 ||   178
